 Dungeon Crawl Stone Soup version 0.29-a0-284-gf9362112df (webtiles) character file.

Game seed: 7308009437063977389

24196 siradein the Basher (level 12, -2/178 HPs)
             Began as a Troll Fighter on Mar 28, 2022.
             Was an Elder of Makhleb.
             Slain by Rupert
             ... wielding a +2 battleaxe of venom
              (17 damage)
             ... on level 3 of the Lair of Beasts.
             The game lasted 01:19:54 (15212 turns).

siradein the Basher (Troll Fighter)                Turns: 15212, Time: 01:19:55

Health: -2/178     AC: 23    Str: 27    XL:     12   Next: 78%
Magic:  14/14      EV: 11    Int:  4    God:    Makhleb [****..]
Gold:   516        SH: 10    Dex: 13    Spells: 11/11 levels left

rFire   . . .      SeeInvis .   u - +3 flail (protect)
rCold   + . .      Faith    +   c - +0 kite shield
rNeg    . . .      Spirit   .   N - +0 acid dragon scales
rPois   +          Reflect  .   (helmet restricted)
rElec   .          Harm     .   I - +2 cloak {rPois}
rCorr   +          Rampage  .   (gloves unavailable)
Will    +....                   (boots unavailable)
Stlth   ..........              q - amulet of faith
HPRegen 1.19/turn               m - +4 ring of protection
MPRegen 0.14/turn               z - ring of protection from cold

@: berserking, lethally poisoned (-2 -> -11), under a protective aura, very
quick
A: large, unfitting armour, claws 3, regeneration 1, shaggy fur 1, tough skin 1,
low MP 1, strong-willed 1
a: Renounce Religion, Minor Destruction, Lesser Servant of Makhleb, Major
Destruction


You were on level 3 of the Lair of Beasts.
You worshipped Makhleb.
Makhleb was greatly pleased with you.
You visited 2 branches of the dungeon, and saw 14 of its levels.
You also visited: Ossuary and Gauntlet.

You collected 942 gold pieces.
You spent 426 gold pieces at shops.

Inventory:

Hand Weapons
 u - a +3 flail of protection (weapon)
 Q - a +2 war axe of flaming
Missiles
 l - 319 stones
 o - 43 poisoned darts
 x - 2 throwing nets
 H - 3 curare-tipped darts
Armour
 c - a +0 kite shield (worn)
 t - a +2 cloak of willpower
 I - a +2 cloak of poison resistance (worn)
 N - +0 acid dragon scales (worn)
Jewellery
 b - an amulet of regeneration
 m - a +4 ring of protection (left claw)
 q - an amulet of faith (around neck)
 z - a ring of protection from cold (right claw)
 F - a ring of magical power
 G - a ring of protection from cold
 R - a ring of ice
Wands
 a - a wand of paralysis (16)
 n - a wand of flame (25)
 w - a wand of mindburst (10)
 y - a wand of polymorph (5)
Scrolls
 g - 3 scrolls of enchant weapon
 k - 7 scrolls of teleportation
 r - 4 scrolls of fog
 v - a scroll of blinking {unknown}
 A - a scroll of torment
 D - 2 scrolls of vulnerability
 E - a scroll of summoning {unknown}
 K - 3 scrolls of amnesia
 M - 2 scrolls of enchant armour
 O - a scroll of magic mapping {unknown}
 P - a scroll of silence {unknown}
Potions
 d - 2 potions of might
 e - 2 potions of haste
 f - 3 potions of heal wounds
 h - a potion of invisibility
 i - 2 potions of attraction
 j - 4 potions of lignification
 p - 4 potions of brilliance
 B - 2 potions of flight
 C - 2 potions of curing
 L - a potion of magic {unknown}


   Skills:
 + Level 7.8 Fighting
 + Level 8.3 Maces & Flails
 + Level 5.7 Armour
 + Level 7.8 Dodging
 + Level 7.8 Shields
 + Level 6.7 Invocations
 + Level 6.4 Evocations


You had 11 spell levels left.
You didn't know any spells.
Your spell library contained the following spells:

 Spells                   Type           Power      Damage    Failure   Level
 Beastly Appendage        Tmut           0%         N/A       80%         1
 Freeze                   Ice            0%         1d3       80%         1
 Blink                    Tloc           0%         N/A       91%         2
 Corpse Rot               Necr/Air       0%         N/A       91%         2
 Wereblood                Tmut           0%         N/A       91%         2
 Conjure Flame            Conj/Fire      0%         6-21      99%         3
 Frozen Ramparts          Ice            0%         1d2       99%         3
 Ignite Poison            Fire/Tmut/Pois 0%         N/A       99%         3
 Spider Form              Tmut/Pois      0%         N/A       99%         3
 Dispel Undead            Necr           0%         3d6       100%        4
 Hailstorm                Conj/Ice       0%         3d3       100%        4
 Sticky Flame             Conj/Fire      0%         2d3       100%        4
 Manifold Assault         Tloc           0%         N/A       100%        5
 Death Channel            Necr           0%         N/A       100%        6
 Storm Form               Tmut/Air       0%         N/A       100%        7


Dungeon Overview and Level Annotations

Branches:
Dungeon (11/15)            Temple (0/1) D:6            Lair (3/6) D:9
  Swamp (0/4) Lair:2        Snake (0/4) Lair:2          Orc (0/2) D:10
Ossuary (visited)         Gauntlet (visited)

Altars:
Ashenzari
Makhleb
Sif Muna
Vehumet

Shops:
D:5 :   D:6 [   D:9 (*   D:10 ?

Annotations:
Lair:3 Rupert


Innate Abilities, Weirdness & Mutations

You are too large for most types of armour.
You have claws for hands.
Your natural rate of healing is unusually fast.
You are covered in fur. (AC +1)
You have tough skin. (AC +1)
Your magical capacity is low. (-10% MP)
You are strong-willed. (Will+)


Message History

Rupert completely misses you.
You sock Rupert!
Rupert is moderately wounded.
You feel sick. Rupert hits you but does no damage.
You swap places.
Rupert attacks as you move away! Rupert closely misses you.
You feel sick.
Rupert hits you with a +2 battleaxe of venom!!
* * * LOW HITPOINT WARNING * * *
You are lethally poisoned!
Rupert hits your neqoxec with a +2 battleaxe of venom!!
Your neqoxec is poisoned.
Your neqoxec hits Rupert.
You hear an angry hiss.
Unknown command.
A red film seems to cover your vision as you go berserk!
You feel yourself moving faster!
You feel mighty!
* * * LOW HITPOINT WARNING * * *
You feel extremely sick. Rupert hits you but does no damage.
Rupert hits your neqoxec with a +2 battleaxe of venom!
Your neqoxec dies!
Your neqoxec disappears in a puff of smoke!
You are too berserk!
You barely miss Rupert.
Rupert is moderately wounded.
You feel very sick. Rupert hits you but does no damage.
A komodo dragon comes into view.
Rupert hits you but does no damage.
You closely miss Rupert.
Rupert is moderately wounded.
You feel very sick.
The komodo dragon hisses angrily.
Rupert hits you but does no damage.
Unknown command.
You sock Rupert!
Rupert is moderately wounded.
You feel very sick.
Rupert hits you with a +2 battleaxe of venom!
You die...

#. .. .. .l #.
#. #.# ##. #.
.. #P.##. .# .
#.P..##.## #..
##....#...#....
#.....@@.......
#####.#..####..
##...# ##..#
##..###.#.
#P........
#...#..#..
##.##### #..#


You could see Rupert (berserk) and a komodo dragon.

Vanquished Creatures
  4 hydras
  A tengu warrior (D:9)
  An ugly thing (D:11)
  3 manticores
  A cane toad (Lair:2)
  An unseen horror (D:10)
  4 komodo dragons
  2 kobold demonologists (D:11)
  3 trolls
  A hornet (D:8)
  4 blink frogs
  Prince Ribbit (D:4)
  A shadow (D:9)
  2 wyverns
  2 wraiths (D:11)
  44 yaks
  Eustachio (D:5)
  A steam dragon (D:7)
  4 vampire mosquitoes (D:11)
  Edmund (D:3)
  2 acid dragons
  8 water moccasins
  3 orc warriors
  An ice beast (D:6)
  2 ogres
  2 sky beasts (D:6)
  A black bear (D:4)
  A black bear (shapeshifter) (D:11)
  A wolf (Lair:2)
  6 centaurs
  A phantom (D:5)
  5 kobold brigands
  Blork the orc (D:5)
  10 bullfrogs
  A gnoll sergeant (D:5)
  A necrophage (D:6)
  5 scorpions
  8 killer bees
  An electric eel (Lair:2)
  5 howler monkeys
  A human zombie (Ossuary)
  A crimson imp (D:5)
  3 hounds
  3 jellies
  A gnoll shaman (D:3)
  4 orc priests
  Natasha (thrice) (D:4)
  6 iguanas
  7 orc wizards
  A statue (D:5)
  3 mummies (Ossuary)
  10 gnolls
  15 adders
  2 white imps
  An adder zombie (Ossuary)
  2 worms
  2 dart slugs
  28 orcs
  6 endoplasms
  7 giant cockroaches
  5 goblins
  5 hobgoblins
  5 jackals
  25 kobolds
  A quokka (D:4)
  6 ball pythons
  6 bats
  A frilled lizard (D:2)
  A gnoll zombie (Ossuary)
  A goblin zombie (Ossuary)
  5 hobgoblin zombies (Ossuary)
  3 kobold zombies (Ossuary)
  An orc zombie (Ossuary)
  A quokka zombie (Ossuary)
  3 rats
  4 rat zombies (Ossuary)
326 creatures vanquished.

Vanquished Creatures (collateral kills)
  Fannar (Lair:2)
  A two-headed ogre (D:11)
  An ugly thing (D:11)
  A komodo dragon (Lair:2)
  A wraith (D:11)
5 creatures vanquished.

Vanquished Creatures (others)
  9 fungi
  10 plants
19 creatures vanquished.

Grand Total: 350 creatures vanquished

Notes
Turn   | Place    | Note
-------+----------+-------------------------------------------
     0 | D:1      | siradein the Troll Fighter began the quest for the Orb.
     0 | D:1      | Reached XP level 1. HP: 22/22 MP: 0/0
   180 | D:1      | Reached skill level 2 in Maces & Flails
   180 | D:1      | Reached XP level 2. HP: 28/29 MP: 1/1
   944 | D:1      | Reached XP level 3. HP: 26/36 MP: 2/2
  1107 | D:2      | Found a faded altar of an unknown god.
  1541 | D:2      | Reached XP level 4. HP: 29/44 MP: 3/3
  1905 | D:2      | Gained mutation: Your magical capacity is low. (-10% MP)
                  | [potion of mutation]
  1905 | D:2      | Gained mutation: You are strong-willed. (Will+) [potion of
                  | mutation]
  2163 | D:3      | Reached XP level 5. HP: 32/53 MP: 3/3
  2310 | D:3      | Reached skill level 1 in Evocations
  2553 | D:4      | Noticed Natasha
  2561 | D:4      | Killed Natasha
  2562 | D:4      | Reached skill level 3 in Maces & Flails
  2766 | D:3      | Reached XP level 6. HP: 56/61 MP: 4/4
  2953 | D:4      | Noticed Natasha
  3060 | D:4      | Killed Natasha
  3324 | D:4      | Noticed Edmund
  3355 | D:4      | Noticed Natasha
  3390 | D:3      | HP: 3/62 [Edmund/+2 vorpal dire flail (8)]
  3390 | D:3      | HP: 1/62 [Edmund/+2 vorpal dire flail (2)]
  3399 | D:3      | Killed Edmund
  3400 | D:3      | Reached XP level 7. HP: 19/68 MP: 5/5
  3481 | D:4      | Killed Natasha
  3750 | D:5      | Entered Level 5 of the Dungeon
  3750 | D:5      | Found Lump's Book Boutique.
  3812 | D:4      | Reached skill level 4 in Maces & Flails
  4001 | D:5      | Noticed Prince Ribbit
  4103 | D:4      | Killed Prince Ribbit
  4104 | D:4      | Reached XP level 8. HP: 79/79 MP: 6/6
  4211 | D:5      | Noticed Blork the orc
  4229 | D:5      | Killed Blork the orc
  4404 | D:5      | Noticed Eustachio
  4426 | D:5      | Killed Eustachio
  4466 | D:5      | Found a burning altar of Makhleb.
  4488 | D:5      | Became a worshipper of Makhleb the Destroyer
  4681 | D:5      | Reached skill level 1 in Invocations
  4693 | D:5      | Reached skill level 5 in Maces & Flails
  4735 | D:5      | Found a radiant altar of Vehumet.
  4745 | D:5      | Reached skill level 5 in Fighting
  4874 | D:5      | Reached skill level 5 in Shields
  4874 | D:5      | Reached XP level 9. HP: 67/88 MP: 8/8
  4909 | D:5      | You fall into a shaft and drop 3 floors!
  4910 | D:8      | Reached * piety under Makhleb
  5175 | D:7      | Reached skill level 5 in Dodging
  5212 | D:6      | Found a broken altar of Ashenzari.
  5384 | D:6      | Found a sand-covered staircase.
  5402 | Ossuary  | Entered an ossuary
  5497 | Ossuary  | Reached ** piety under Makhleb
  5948 | D:6      | Reached skill level 1 in Armour
  6202 | D:6      | Found a staircase to the Ecumenical Temple.
  6581 | D:6      | Found Queclaze's Antique Armour Boutique.
  6584 | D:6      | Bought an embroidered cloak for 202 gold pieces
  7204 | D:7      | Found a shimmering blue altar of Sif Muna.
  7579 | D:8      | Reached XP level 10. HP: 98/98 MP: 10/10
  7745 | D:8      | Reached skill level 6 in Maces & Flails
  8091 | D:8      | Paralysed by a hornet for 1 turns
  8094 | D:8      | Paralysed by a hornet for 3 turns
  8337 | D:8      | Reached *** piety under Makhleb
  8340 | D:8      | HP: 4/98 [poisoned by a killer bee]
  8343 | D:8      | HP: 1/98 [poisoned by a killer bee]
  8348 | D:8      | HP: 2/98 [poisoned by a killer bee]
  8550 | D:9      | Found a staircase to the Lair.
  9062 | D:9      | Found Simoppi's Antique Weapon Shop.
  9127 | D:9      | Noticed a tengu warrior
  9127 | D:9      | Identified the +6 leather armour of Hangman {Will+ Dex+4}
  9320 | D:9      | Found Foadanen's General Store.
  9357 | D:9      | Reached **** piety under Makhleb
  9478 | D:9      | Killed a tengu warrior
  9479 | D:9      | Reached XP level 11. HP: 100/107 MP: 10/11
  9501 | D:9      | Found the +18 Lear's hauberk
  9677 | D:10     | Entered Level 10 of the Dungeon
  9682 | D:10     | Found Ludaataj's Magic Scroll Emporium.
  9707 | D:9      | Reached skill level 5 in Evocations
  9834 | D:10     | Bought a scroll of amnesia for 52 gold pieces
  9834 | D:10     | Bought a scroll of identify for 30 gold pieces
  9834 | D:10     | Bought a scroll of identify for 30 gold pieces
  9834 | D:10     | Bought a scroll of enchant armour for 112 gold pieces
 10241 | D:10     | Found a staircase to the Orcish Mines.
 10315 | D:10     | Reached skill level 7 in Maces & Flails
 10517 | D:11     | Found a gate leading to a gauntlet.
 10522 | Gauntlet | Entered a Gauntlet
 10522 | Gauntlet | Found a transporter.
 10542 | Gauntlet | Found a transporter.
 10552 | Gauntlet | Noticed a tengu warrior
 10557 | Gauntlet | Found a transporter.
 10562 | Gauntlet | Found a transporter.
 10577 | Gauntlet | Found a transporter.
 10596 | Gauntlet | Found a transporter.
 10601 | Gauntlet | Noticed a dire elephant
 10608 | Gauntlet | Found a transporter.
 10620 | Gauntlet | Found a transporter.
 10625 | Gauntlet | Noticed a hell beast
 10628 | Gauntlet | Found a large runed translucent door.
 10629 | Gauntlet | Found a large runed translucent door.
 10630 | Gauntlet | Found a large runed translucent door.
 10630 | Gauntlet | Found a large runed translucent door.
 10631 | Gauntlet | Found a runed translucent gate.
 10632 | Gauntlet | Found a transporter.
 10632 | Gauntlet | Found a runed translucent gate.
 10633 | Gauntlet | Found a runed translucent gate.
 10634 | Gauntlet | Found a large runed translucent door.
 10634 | Gauntlet | Found a large runed translucent door.
 10635 | Gauntlet | Found a large runed translucent door.
 10636 | Gauntlet | Found a large runed translucent door.
 10642 | Gauntlet | Noticed a reaper
 10644 | Gauntlet | Found a transporter.
 10661 | Gauntlet | Found a transporter.
 10675 | Gauntlet | Found a large runed translucent door.
 10676 | Gauntlet | Found a large runed translucent door.
 10677 | Gauntlet | Found a large runed translucent door.
 10677 | Gauntlet | Found a large runed translucent door.
 10678 | Gauntlet | Found a runed translucent door.
 10679 | Gauntlet | Found a transporter.
 10680 | Gauntlet | Found a runed translucent door.
 10681 | Gauntlet | Found a transporter.
 10681 | Gauntlet | Found a large runed translucent door.
 10681 | Gauntlet | Found a large runed translucent door.
 10682 | Gauntlet | Found a large runed translucent door.
 10707 | Gauntlet | Found a transporter.
 10709 | Gauntlet | Found a transporter.
 10729 | Gauntlet | Found a transporter.
 10807 | Gauntlet | Found a transporter.
 10841 | Gauntlet | Found a large runed translucent door.
 10845 | Gauntlet | Found a transporter.
 11328 | D:11     | Noticed a green ugly thing
 11336 | D:11     | Killed a green ugly thing
 11337 | D:11     | Reached skill level 5 in Invocations
 11367 | D:11     | Noticed a two-headed ogre
 11372 | D:11     | Killed a two-headed ogre
 11590 | D:11     | Noticed a cyan ugly thing
 11624 | D:11     | Killed a cyan ugly thing
 11891 | D:11     | Noticed a harpy
 11893 | D:11     | a harpy changed into a black bear
 11908 | D:11     | Noticed a seven-headed hydra
 11915 | D:11     | Killed a seven-headed hydra
 12173 | Lair:1   | Entered Level 1 of the Lair of Beasts
 12322 | Lair:1   | Reached XP level 12. HP: 117/118 MP: 13/13
 12502 | Lair:1   | Noticed a five-headed hydra
 12510 | Lair:1   | Killed a five-headed hydra
 12511 | Lair:1   | Reached skill level 5 in Armour
 12931 | Lair:1   | You fall into a shaft and drop 1 floor!
 12931 | Lair:2   | Noticed Fannar
 12937 | Lair:2   | Killed Fannar
 13108 | Lair:1   | Reached skill level 8 in Maces & Flails
 13469 | Lair:2   | Found a staircase to the Swamp.
 13477 | Lair:2   | Noticed a four-headed hydra
 13484 | Lair:2   | Killed a one-headed hydra
 13687 | Lair:2   | Reached ***** piety under Makhleb
 13702 | Lair:1   | HP: 1/119 [komodo dragon (22)]
 14808 | Lair:2   | Found a staircase to the Snake Pit.
 15156 | Lair:3   | Noticed a four-headed hydra
 15171 | Lair:3   | Killed a one-headed hydra
 15197 | Lair:3   | Noticed Rupert
 15212 | Lair:3   | Slain by Rupert

Illustrated notes

Levels and vault maps discovered:
D:1:      dpeg_arrival_radiant, layout_basic
D:2:      layout_loops_corners, serial_glass, glass_columns_b, glass_columns_a,
          hellmonk_ecumenical_altar_pennies_from_heaven,
          minmay_misc_feat_rugged, minmay_pentomino_u2
D:3:      layout_rooms
D:4:      layout_loops_ring, st_stairs_14, uniq_edmund, uniq_natasha
D:5:      minmay_spotlight, layout_basic, vehumet_statue, makhleb_grotto_becter,
          serial_shops, nicolae_stop_n_shop_1, hangedman_minor_gate_pass,
          uniq_eustachio, uniq_prince_ribbit1, uniq_blork_the_orc
D:6:      nicolae_BIG_FREAKIN_CUBE, layout_basic, cheibrodos_ashenzari_chains,
          minmay_temple_entry_waves, serial_shops, kennysheep_mini_moat,
          nicolae_ossuary_entry_ruins, chequers_decorated_corner
D:7:      layout_gridville, nicolae_sif_muna_condensation
D:8:      layout_loops_ring, moated_statue, minmay_misc_feat_encased,
          mrwooster_statue_mirror
D:9:      layout_cave_pools, lair_entry_dummy, serial_shops,
          nicolae_stop_n_shop_1, nicolae_square_shop, minmay_tree_intersection,
          hellmonk_guarded_unrand_lears
D:10:     layout_roguey, orc_0_dummy, serial_shops,
          nicolae_shop_advertising_works [nicolae_subvault_shop_adworks]
D:11:     layout_rooms, gauntlet_entry_generic, lightli_fourway_metalbox
Lair:1:   layout_cave_pods
Lair:2:   layout_chaotic_city, swamp_mist_pool, dummy_snake_entry, st_stairs_9,
          dreamdust_mushroom_princess, beast_lair_carwin_5,
          infiniplex_staircase_pool, uniq_fannar
Lair:3:   layout_loops_ring, portal_ice_cave_entry_pillars_1, uniq_rupert,
          uniq_amaemon

Skill      XL: |  1  2  3  4  5  6  7  8  9 10 11 12 |
---------------+-------------------------------------+-----
Maces & Flails | 2 3 4 5 6 7 8 |  8.3
Fighting       | 3 4 5 6 7 |  7.8
Dodging        | 3 4 5 6 7 |  7.8
Shields        | 3 4 5 6 7 |  7.8
Evocations     | 1 2 3 4 5 6 |  6.4
Invocations    | 1 3 4 5 6 |  6.7
Armour         | 2 3 4 5 |  5.7

Action                   |  1- 3 |  4- 6 |  7- 9 | 10-12 || total
-------------------------+-------+-------+-------+-------++-------
Melee: Flail             |   138 |   245 |   438 |   784 ||  1605
       War axe           |       |       |       |    12 ||    12
Throw: Stone             |       |     1 |       |       ||     1
       Dart              |       |    10 |     2 |       ||    12
Invok: Minor Destruction |       |       |    36 |   136 ||   172
       Lesser Servant of |       |       |       |    13 ||    13
  Use: Scroll            |     5 |     3 |     4 |     6 ||    18
       Potion            |       |     2 |       |     2 ||     4
 Stab: Sleeping          |       |     1 |       |       ||     1
       Distracted        |       |       |       |     2 ||     2
Armor: Robe              |    63 |    74 |   137 |       ||   274
       Steam dragon scal |       |       |    62 |   156 ||   218
       Troll leather arm |       |       |       |   102 ||   102
       Acid dragon scale |       |       |       |   258 ||   258
Dodge: Dodged            |    59 |    94 |   188 |   449 ||   790
Block: Kite shield       |    55 |    98 |   212 |   505 ||   870

Table legend: (Time is in decaauts)
 A = Elapsed time spent in this place.
 B = Non-inter-level travel time spent in this place.
 C = Inter-level travel time spent in this place.
 D = Time resting spent in this place.
 E = Time spent auto-exploring this place.
 F = Levels seen in this place.
 G = Mean time per level.
                   A        B        C        D        E       F      G
               +--------+--------+--------+--------+--------+-----+--------+
         Total |  15675 |  15281 |    394 |    746 |   9203 |  16 |  979.7 |
       Dungeon |  11928 |  11612 |    316 |    679 |   6873 |  11 | 1084.4 |
          Lair |   3005 |   2928 |     77 |     67 |   1984 |   3 | 1001.7 |
       Ossuary |    190 |    190 |      0 |      0 |     68 |   1 |  190.0 |
      Gauntlet |    551 |    551 |      0 |      0 |    278 |   1 |  551.0 |
               +--------+--------+--------+--------+--------+-----+--------+

Top non-repeatable levels by time:
  Lair:1: 2071 daAuts
     D:8: 1663 daAuts
     D:4: 1490 daAuts
    D:11: 1183 daAuts
     D:5: 1139 daAuts
     D:7: 1061 daAuts
     D:6: 1021 daAuts
     D:2: 1011 daAuts
     D:1: 978 daAuts
     D:9: 883 daAuts
  Lair:2: 818 daAuts
     D:3: 753 daAuts
    D:10: 741 daAuts
Gauntlet: 551 daAuts
 Ossuary: 190 daAuts
